 Dungeon Sprint DCSS version 0.21.2 (webtiles) character file.

46139 Fang the Executioner (level 14, 0/110 HPs)
             Began as a Gargoyle Berserker on Dec 20, 2018.
             Was the Champion of Trog.
             Splashed by an acid blob's acid (13 damage)
             ... in the Dungeon (Sprint VII: "The Pits") on Dec 21, 2018.
             The game lasted 00:16:41 (4739 turns).

Fang the Executioner (Gargoyle Berserker)           Turns: 4739, Time: 00:16:42

Health: 0/110      AC: 29    Str: 22    XL:     14   Next: 36%
Magic:  2/4        EV: 13    Int: 12    God:    Trog [******]
Gold:   41         SH:  0    Dex: 17    Spells: 13/13 levels left

rFire    x . .     SeeInvis +   E - +9 battleaxe "Kaohuith" {antimagic, MR+ Str-3 Dex+2 SInv}
rCold    + . .     Gourm    .   (shield currently unavailable)
rNeg     + . .     Faith    .   m - +3 chain mail
rPois    ∞         Spirit   .   w - +0 helmet
rElec    +         Reflect  .   (no cloak)
rCorr    .         Harm     .   (no gloves)
MR       ++...     NoTele   +   (no boots)
Stlth    +.........             (no amulet)
HPRegen  0.28/turn              z - ring of Mufy {+Fly rF- rC+ Int+3 Stlth+}
MPRegen  0.09/turn              x - ring "Daocym" {+Fly rElec Dex+6 Slay+2}

@: berserk cooldown, flying, slowed, very slow
A: big wings, negative energy resistance 1, electricity resistance, unbreathing,
petrification resistance, rot immunity, AC +10
a: Stop Flying, Berserk, Trog's Hand, Brothers in Arms, Burn Spellbooks,
Renounce Religion


You were in the Dungeon.
You worshipped Trog.
Trog was exalted by your worship.
You were not hungry.

You visited 1 branch You collected 41 gold pieces.

Inventory:

Hand Weapons
 n - the +10 battleaxe of the Skies Above {flame, +Rage +Fly MR+}
   (Trog gifted it to you in the Dungeon)

   It has been specially enchanted to burn those struck by it, causing extra
   injury to most foes and up to half again as much damage against particularly
   susceptible opponents.
   Big, fiery blades are also staple armaments of hydra-hunters.
   It affects your resistance to hostile enchantments.
   It lets you fly.
   It lets you go berserk.
 p - a +9 executioner's axe of flaming
 E - the +9 battleaxe "Kaohuith" (weapon) {antimagic, MR+ Str-3 Dex+2 SInv}
   (Trog gifted it to you in the Dungeon)

   It reduces the magical energy of the wielder, and disrupts the spells and
   magical abilities of those hit.
   Natural abilities and divine invocations are not affected.
   It affects your strength (-3).
   It affects your dexterity (+2).
   It affects your resistance to hostile enchantments.
   It lets you see invisible.
 F - a +0 executioner's axe of freezing
 H - a +5 battleaxe of chopping
 K - a +4 antimagic executioner's axe
Armour
 m - a +3 chain mail (worn)
 w - a +0 helmet (worn)
Jewellery
 b - an uncursed ring of protection from cold
 q - a +3 ring of protection
 t - a +3 ring of protection
 x - the ring "Daocym" (right hand) {+Fly rElec Dex+6 Slay+2}
   (You found it in the Dungeon)

   [ring of flight]

   It affects your dexterity (+6).
   It affects your accuracy and damage with ranged weapons and melee attacks
   (+2).
   It insulates you from electricity.
   It lets you fly.
 y - an uncursed ring of fire
 z - the ring of Mufy (left hand) {+Fly rF- rC+ Int+3 Stlth+}
   (You found it in the Dungeon)

   [ring of flight]

   It affects your intelligence (+3).
   It makes you vulnerable to fire.
   It protects you from cold.
   It lets you fly.
   It makes you more stealthy.
 I - the amulet of Xom's Malicious Joy {Faith -Tele rN+ MR+}
   (You took it off a vampire mage in the Dungeon)

   [amulet of faith]

   It allows you to gain divine favour quickly.
   It protects you from negative energy.
   It affects your resistance to hostile enchantments.
   It prevents most forms of teleportation.
 J - the ring of Shadows {Umbra +Inv Stlth+}
   (You took it off a vampire mage in the Dungeon)

   [ring of stealth]

   It lets you turn invisible.
   It makes you more stealthy.
Scrolls
 i - 3 scrolls of blinking
 k - 3 scrolls of remove curse
 l - a scroll of summoning
 v - 2 scrolls of fear
 A - 3 scrolls of identify
 B - 4 scrolls of enchant armour
 C - 2 scrolls of enchant weapon
 D - a scroll of fog
Potions
 a - 2 potions of invisibility
 d - 8 potions of curing
 e - 13 potions of heal wounds
 f - a potion of haste
 g - 4 potions of magic
 h - 3 potions of berserk rage
 r - 2 potions of brilliance
 s - a potion of agility
 u - 4 potions of might
Books
 j - Zoexteum's Almanac of Slavery and Curses
   (You found it in the Dungeon)

   Spells                             Type                      Level
   a - Slow                           Hexes                        2
   b - Shadow Creatures               Summoning                    6
   c - Spellforged Servitor           Conjuration/Summoning        7
   Trog disapproves of the use of such an item.
 o - Lom Lobon's Catalogue of Translocation
   (You found it in the Dungeon)

   Spells                             Type                      Level
   a - Shroud of Golubria             Charms/Translocation         2
   b - Lesser Beckoning               Translocation                3
   c - Teleport Other                 Translocation                3
   d - Passage of Golubria            Translocation                4
   e - Controlled Blink               Translocation                8
   Trog disapproves of the use of such an item.
 G - a book of Minor Magic

   Spells                             Type                      Level
   a - Magic Dart                     Conjuration                  1
   b - Blink                          Translocation                2
   c - Call Imp                       Summoning                    2
   d - Slow                           Hexes                        2
   e - Conjure Flame                  Conjuration/Fire             3
   f - Mephitic Cloud                 Conjuration/Poison/Air       3
   Trog disapproves of the use of such an item.
 L - a book of Geomancy

   Spells                             Type                      Level
   a - Sandblast                      Earth                        1
   b - Passwall                       Transmutation/Earth          2
   c - Stone Arrow                    Conjuration/Earth            3
   d - Petrify                        Transmutation/Earth          4
   e - Lee's Rapid Deconstruction     Earth                        5
   Trog disapproves of the use of such an item.
 M - Sif Muna's Volume of Damaging Contamination
   (You found it in the Dungeon)

   Spells                             Type                      Level
   a - Searing Ray                    Conjuration                  2
   b - Static Discharge               Conjuration/Air              3
   c - Ignite Poison                  Fire/Transmutation/Poison    3
   d - Fulminant Prism                Conjuration/Hexes            4
   Trog disapproves of the use of such an item.
Comestibles
 c - 10 rations


   Skills:
 + Level 21.5 Fighting
 + Level 22.5 Axes
 + Level 17.8 Armour
 + Level 7.3 Dodging
 + Level 6.0 Stealth


You had 13 spell levels left.
You didn't know any spells.

Dungeon Overview and Level Annotations

Branches:
Dungeon (1/1)

Altars:
Gozag
Hepliaklqana
Sif Muna
Trog
Jiyva


Innate Abilities, Weirdness & Mutations

You are resistant to torment.
Your stone body is resilient. (AC +10)
You are immune to poison.
Your large and strong wings let you fly indefinitely.
You resist negative energy. (rN+)
You are resistant to electric shocks. (rElec)
You can survive without breathing.
You are immune to petrification.
You are immune to rotting.


Message History

The elephant misses you. The acid blob hits you!
You are splashed with acid!
The acid burns!
A daeva comes into view.
It is wielding an eudemon blade of holy wrath.
Unknown command.
You're still recovering from your berserk rage.
Unknown command.
You open the acid blob like a pillowcase!!!
Your hands burn!
The acid blob is heavily wounded.
You barely miss the ice dragon. You slice the elephant!!
The ice dragon bites you.
* * * LOW HITPOINT WARNING * * *
The ice dragon claws you but does no damage.
The ice dragon tramples you but does no damage.
The daeva calls down the wrath of the Shining One upon you.
The Shining One smites you!
* * * LOW HITPOINT WARNING * * *
The acid blob spits acid at you. The splash of acid hits you!
You are splashed with acid!
The acid burns!
You die...

# #........#######.
####.###..##...)......).
..........##...))....... .
...........##'#####.### ..
####'###.#)..#.....#.....
...#........#)).........†.).
....A)......#)).#...........
.......p.CD.Y†[.#.....#.....
#:)Zp.cJ@#...#.|.|.#.....
#########################
##################
..........)...(.[.
............)[.[[.
.#############'##.
##.#.#.#|#.#.#.#.
#.#.#.#.#.#.#.##.
##.#.#.#)#)#.#.#.


You could see a daeva, an acid blob, an ice dragon, an elephant, a hell knight,
a yaktaur, a necromancer, a hell knight simulacrum and a friendly cyclops
(berserk).

Vanquished Creatures
  A deep elf blademaster (D)
  Kirke (D)
  2 ghost moths (D)
  A black draconian (D)
  2 purple draconians (D)
  A yellow draconian (D)
  2 eidola (D)
  Snorg (D)
  A deep elf death mage (D)
  2 fire dragons (D)
  A great orb of eyes (D)
  An ice dragon (D)
  2 hydras (D)
  A death yak (D)
  2 vampire magi (D)
  A shadow wraith (D)
  2 spriggan druids (D)
  2 phantasmal warriors (D)
  A lindwurm (D)
  4 deep elf magi (D)
  An ugly thing (D)
  3 elephants (D)
  A black mamba (D)
  2 guardian serpents (D)
  A gargoyle (D)
  A molten gargoyle (D)
  2 kobold demonologists (D)
  An efreet (D)
  2 demonic crawlers (D)
  2 wandering mushrooms (D)
  2 jumping spiders (D)
  A troll (D)
  A hornet (D)
  2 wind drakes (D)
  A bog body (D)
  4 redbacks (D)
  2 air elementals (D)
  A shadow (D)
  A water elemental (D)
  5 hogs (D)
  4 yaks (D)
  2 steam dragons (D)
  A hungry ghost (D)
  Menkaure (D)
  A neqoxec (D)
  An acid dragon (D)
  5 floating eyes (D)
  Purgy (D)
  A phantom (D)
  An ice beast (D)
  2 swamp drakes (D)
  A tengu (shapeshifter) (D)
  A centaur (D)
  9 wolves (D)
  A crocodile (D)
  4 big kobolds (D)
  A bullfrog (D)
  A gnoll sergeant (D)
  2 killer bees (D)
  A jelly (D)
  An orc wizard (D)
  A hell rat (D)
  4 gnolls (D)
  An adder (D)
  2 white imps (D)
  An adder skeleton (D)
  A leopard gecko (D)
  4 orcs (D)
  A bat zombie (D)
  A giant cockroach (D)
  2 hobgoblins (D)
  4 jackals (D)
  3 ball pythons (D)
  A frilled lizard (D)
  A goblin (D)
  A kobold (D)
  A leopard gecko simulacrum (D)
  2 quokka zombies (D)
140 creatures vanquished.

Vanquished Creatures (collateral kills)
  A profane servitor (D)
  2 deep elf blademasters (D)
  A daeva (D)
  A draconian shifter (D)
  A vampire knight (D)
  A green draconian (D)
  2 purple draconians (D)
  2 lorocyprocas (D)
  A hell knight (D)
  A sixfirhy (D)
  A wizard (D)
  A necromancer (D)
  A manticore (D)
  A black mamba (D)
  Psyche (D)
  A rime drake (D)
  An orange demon (D)
  A jumping spider (D)
  A wind drake (D)
  A tyrant leech (D)
  A shadow (D)
  A redback (D)
  A chaos spawn (D)
  2 killer bees (D)
  An adder zombie (D)
  A leopard gecko simulacrum (D)
  A rat (D)
31 creatures vanquished.

Vanquished Creatures (others)
  A necromancer (D)
  A wizard (D)
  A hellwing (D)
  A human (D)
4 creatures vanquished.

Grand Total: 175 creatures vanquished

Notes
Turn   | Place    | Note
-------+----------+-------------------------------------------
     0 | D        | Fang the Gargoyle Berserker began the quest for the Orb.
     0 | D        | Reached XP level 1. HP: 14/14 MP: 1/1
    11 | D        | Noticed a floating eye
    19 | D        | Paralysed by a floating eye for 3 turns
    23 | D        | Killed a floating eye
    23 | D        | Reached skill level 6 in Axes
    23 | D        | Reached XP level 2. HP: 23/23 MP: 2/2
    23 | D        | Reached XP level 3. HP: 28/28 MP: 3/3
    23 | D        | Reached XP level 4. HP: 32/32 MP: 4/4
    71 | D        | Reached ** piety under Trog
    81 | D        | Reached XP level 5. HP: 38/38 MP: 5/5
    82 | D        | Reached *** piety under Trog
    91 | D        | Reached **** piety under Trog
   149 | D        | Found a bloodstained altar of Trog.
   149 | D        | Found a deep blue altar of Sif Muna.
   149 | D        | Found a viscous altar of Jiyva.
   149 | D        | Found a hazy altar of Hepliaklqana.
   149 | D        | Found an opulent altar of Gozag.
   179 | D        | Reached skill level 7 in Axes
   185 | D        | Reached ***** piety under Trog
   191 | D        | Reached skill level 8 in Axes
   191 | D        | Reached XP level 6. HP: 24/45 MP: 6/6
   213 | D        | Reached skill level 5 in Armour
   458 | D        | Noticed a hungry ghost
   485 | D        | Killed a hungry ghost
   485 | D        | Reached skill level 9 in Axes
   485 | D        | Reached skill level 1 in Stealth
   485 | D        | Reached XP level 7. HP: 48/51 MP: 7/7
   522 | D        | Noticed a deep elf mage
   525 | D        | Reached skill level 10 in Axes
   539 | D        | Received a gift from Trog
   544 | D        | Killed a deep elf mage
   544 | D        | Reached skill level 10 in Fighting
   544 | D        | Reached skill level 11 in Axes
   544 | D        | Reached XP level 8. HP: 38/58 MP: 8/8
   651 | D        | Noticed Purgy
   651 | D        | Noticed a four-headed hydra
   651 | D        | Noticed a redback
   655 | D        | Killed a redback
   656 | D        | Killed a one-headed hydra
   656 | D        | Reached ****** piety under Trog
   656 | D        | Reached skill level 12 in Axes
   656 | D        | Reached skill level 10 in Armour
   656 | D        | Reached XP level 9. HP: 64/64 MP: 9/9
   663 | D        | Killed Purgy
   920 | D        | Paralysed by a floating eye for 4 turns
   925 | D        | Reached skill level 13 in Axes
   927 | D        | Received a gift from Trog
  1122 | D        | Noticed a black mamba
  1122 | D        | Noticed a five-headed hydra
  1127 | D        | Killed a one-headed hydra
  1127 | D        | Reached skill level 14 in Axes
  1127 | D        | Reached skill level 5 in Dodging
  1127 | D        | Reached XP level 10. HP: 54/71 MP: 10/10
  1130 | D        | Killed a black mamba
  1132 | D        | Received a gift from Trog
  1245 | D        | Reached skill level 15 in Axes
  1247 | D        | Received a gift from Trog
  1255 | D        | Noticed a gargoyle
  1260 | D        | Killed a gargoyle
  1356 | D        | Noticed a lindwurm
  1358 | D        | Noticed a deep elf mage
  1359 | D        | Killed a deep elf mage
  1362 | D        | Killed a lindwurm
  1362 | D        | Reached skill level 16 in Axes
  1371 | D        | Noticed Menkaure
  1376 | D        | Received a gift from Trog
  1377 | D        | Reached XP level 11. HP: 68/78 MP: 11/11
  1382 | D        | Killed Menkaure
  1412 | D        | Received a gift from Trog
  1496 | D        | Reached skill level 17 in Axes
  1502 | D        | Noticed a phantasmal warrior
  1502 | D        | Noticed a wizard
  1507 | D        | Killed a phantasmal warrior
  1508 | D        | Killed a wizard
  1510 | D        | Received a gift from Trog
  1521 | D        | Got a fine battleaxe {god gift}
  1522 | D        | Identified the +10 battleaxe of the Skies Above {flame, +Rage +Fly MR+} (Trog gifted it to you in the Dungeon)
  1704 | D        | Got the ring "Daocym" {+Fly rElec Dex+6 Slay+2}
  1711 | D        | Got the ring of Mufy {+Fly rF- rC+ Int+3 Stlth+}
  1823 | D        | Received a gift from Trog
  1827 | D        | Got a crude battleaxe {god gift}
  1828 | D        | Identified the +9 battleaxe "Kaohuith" {antimagic, MR+ Str-3 Dex+2 SInv} (Trog gifted it to you in the Dungeon)
  1949 | D        | Noticed a deep elf mage
  1958 | D        | Killed a deep elf mage
  1958 | D        | Reached skill level 18 in Axes
  2021 | D        | Noticed a death yak
  2022 | D        | Noticed a white ugly thing
  2030 | D        | Killed a white ugly thing
  2034 | D        | Killed a death yak
  2034 | D        | Received a gift from Trog
  2079 | D        | Noticed a shadow wraith
  2089 | D        | Killed a shadow wraith
  2089 | D        | Reached skill level 15 in Fighting
  2211 | D        | Noticed a deep elf mage
  2212 | D        | Noticed a phantasmal warrior
  2222 | D        | Killed a deep elf mage
  2223 | D        | Reached XP level 12. HP: 82/87 MP: 4/12
  2479 | D        | Noticed a lorocyproca
  2479 | D        | Noticed a ghost moth
  2479 | D        | Noticed Snorg
  2482 | D        | Noticed a vampire mage
  2487 | D        | Killed a lorocyproca
  2487 | D        | Reached skill level 19 in Axes
  2494 | D        | Received a gift from Trog
  2499 | D        | Killed a vampire mage
  2503 | D        | Noticed Psyche
  2516 | D        | Killed Snorg
  2518 | D        | Killed Psyche
  2518 | D        | Received a gift from Trog
  2527 | D        | Killed a ghost moth
  2535 | D        | Received a gift from Trog
  2539 | D        | Received a gift from Trog
  2539 | D        | Reached skill level 20 in Axes
  2540 | D        | Noticed a daeva
  2541 | D        | Noticed a vampire knight
  2559 | D        | Killed a daeva
  2566 | D        | HP: 4/90 [vampire knight/enchanted great sword (1)]
  2579 | D        | Killed a vampire knight
  2579 | D        | Received a gift from Trog
  2611 | D        | Got the amulet of Xom's Malicious Joy {Faith -Tele rN+ MR+}
  3037 | D        | Identified Zoexteum's Almanac of Slavery and Curses
  3043 | D        | Identified Lom Lobon's Catalogue of Translocation
  3080 | D        | Noticed Kirke
  3093 | D        | Killed Kirke
  3095 | D        | Received a gift from Trog
  3114 | D        | Identified Sif Muna's Volume of Damaging Contamination
  3362 | D        | Noticed a deep elf death mage
  3371 | D        | Killed a deep elf death mage
  3371 | D        | Reached XP level 13. HP: 64/96 MP: 4/13
  3373 | D        | Received a gift from Trog
  3384 | D        | Reached skill level 21 in Axes
  3677 | D        | Noticed a fire dragon
  3678 | D        | Noticed a deep elf blademaster
  3682 | D        | Noticed a yellow draconian
  3682 | D        | Noticed a great orb of eyes
  3683 | D        | Reached skill level 15 in Armour
  3701 | D        | Killed a great orb of eyes
  3705 | D        | Killed a deep elf blademaster
  3705 | D        | Received a gift from Trog
  3712 | D        | Killed a fire dragon
  3714 | D        | Killed a yellow draconian
  4043 | D        | Noticed a purple draconian
  4043 | D        | Noticed a fire dragon
  4046 | D        | Noticed a lorocyproca
  4046 | D        | Noticed an eidolon
  4054 | D        | Paralysed by a floating eye for 2 turns
  4057 | D        | Killed a fire dragon
  4058 | D        | Killed an eidolon
  4058 | D        | Received a gift from Trog
  4068 | D        | HP: 2/99 [lorocyproca (16)]
  4068 | D        | Killed a lorocyproca
  4069 | D        | Killed a purple draconian
  4506 | D        | Noticed an eidolon
  4506 | D        | Noticed a green draconian
  4506 | D        | Noticed a black draconian
  4506 | D        | Noticed a profane servitor
  4510 | D        | Received a gift from Trog
  4518 | D        | Killed a profane servitor
  4518 | D        | Reached skill level 5 in Stealth
  4521 | D        | Killed an eidolon
  4521 | D        | Reached skill level 22 in Axes
  4523 | D        | Killed a black draconian
  4526 | D        | Received a gift from Trog
  4528 | D        | Killed a green draconian
  4541 | D        | Noticed a purple draconian
  4552 | D        | Killed a purple draconian
  4552 | D        | Gained mutation: Your large and strong wings let you fly indefinitely. [Gargoyle growth]
  4552 | D        | Reached XP level 14. HP: 72/108 MP: 4/14
  4703 | D        | Noticed a deep elf blademaster
  4704 | D        | Noticed a green draconian shifter
  4706 | D        | Noticed a purple draconian
  4709 | D        | Noticed a ghost moth
  4709 | D        | Noticed a purple draconian
  4710 | D        | Killed a purple draconian
  4716 | D        | Killed a deep elf blademaster
  4717 | D        | Killed a purple draconian
  4719 | D        | Killed a green draconian shifter
  4720 | D        | Killed a ghost moth
  4722 | D        | Received a gift from Trog
  4730 | D        | Noticed an acid blob
  4730 | D        | Noticed a deep elf blademaster
  4734 | D        | Killed a deep elf blademaster
  4739 | D        | Noticed a daeva
  4739 | D        | Splashed by an acid blob's acid

Skill      XL: |  1  2  3  4  5  6  7  8  9 10 11 12 13 14 |
---------------+-------------------------------------------+-----
Fighting       | 6 7 8 9 10 11 12 13 15 17 20 21 | 21.5
Axes           | 6 8 9 11 12 14 16 18 20 22 | 22.5
Armour         | 3 4 6 8 10 12 13 14 17 | 17.8
Dodging        | 2 3 4 5 6 7 |  7.3
Stealth        | 1 2 3 5 6 |  6.0

Action                   |  1- 3 |  4- 6 |  7- 9 | 10-12 | 13-15 || total
-------------------------+-------+-------+-------+-------+-------++-------
Melee: Hand axe          |     9 |    90 |    28 |       |       ||   127
       Battleaxe         |       |       |    22 |   120 |   112 ||   254
       Executioner's axe |       |       |       |    75 |       ||    75
Invok: Berserk           |       |     1 |     2 |     1 |     4 ||     8
       Brothers in Arms  |       |       |       |     6 |     7 ||    13
       Burn Spellbooks   |       |       |       |       |     1 ||     1
 Abil: Fly               |       |       |       |       |     1 ||     1
  Use: Potion            |       |       |       |     4 |     4 ||     8
 Stab: Sleeping          |       |     1 |       |       |       ||     1
       Confused          |       |       |       |     1 |       ||     1
       Distracted        |       |       |       |       |     1 ||     1
  Eat: Ration            |       |     1 |       |     1 |     3 ||     5
       Chunk             |       |       |     4 |     7 |     2 ||    13
Armor: Animal skin       |       |     4 |       |       |       ||     4
       Chain mail        |       |    68 |    47 |   184 |   127 ||   426
Dodge: Dodged            |       |    42 |    26 |   119 |    95 ||   282
